[Event "4Springare Autumn-IM 2019"]
[Site "Stockholm"]
[Date "2019.10.21"]
[Round "2.5"]
[White "Papunidi, Matvey"]
[Black "Mattsson, Michael"]
[Result "1/2-1/2"]
[ECO "C84"]
[WhiteElo "2083"]
[BlackElo "2035"]
[Annotator "NA RC"]
[PlyCount "140"]
[EventDate "2019.10.19"]
[EventType "tourn"]
[EventRounds "9"]
[EventCountry "SWE"]
[SourceTitle "playchess.com"]
[Source "ChessBase"]
[SourceQuality "1"]
[TimeControl "5400+30"]

1. e4 e5 2. Nf3 Nc6 3. Bb5 a6 4. Ba4 Nf6 5. O-O b5 6. Bb3 Be7 7. d3 O-O 8. Nc3 d6 9. a3 Bg4 10. Be3 Nd4 11. Bxd4 exd4 12. Nd5 c5 13. Nf4 Nd7 14. Bd5 Rb8 15. h3 Bxf3 16. Qxf3 Ne5 17. Qe2 g6 18. g4 Nd7 19. Ba2 Nb6 20. Nd5 Na4 21. Rab1 Bf6 22. f4 Bg7 23. f5 Be5 24. f6 Nb6 25. Ne7+ Kh8 26. Nc6 Qc7 27. Nxb8 Rxb8 28. g5 c4 29. Kg2 d5 30. Rfe1 Bg3 31. exd5 Bxe1 32. Rxe1 h6 33. Qe5 Qxe5 34. Rxe5 hxg5 35. Rxg5 Re8 36. Kf2 Re3 37. Rg3 Re5 38. Rg4 Rxd5 39. Ke2 Rd6 40. Kd2 Kg8 41. h4 Kf8 42. dxc4 bxc4 43. c3 dxc3+ 44. Kxc3 Rxf6 45. Bxc4 Rc6 46. b3 Ke7 47. Kd4 f5 48. Rf4 Nxc4 49. bxc4 Ke6 50. Rf1 Rd6+ 51. Kc3 Ke5 52. c5 Rc6 53. Kc4 f4 54. Re1+ Kf5 55. Kd5 Rc8 56. Re5+ Kg4 57. Rg5+ Kxh4 58. Rxg6 a5 59. c6 f3 60. Rf6 Kg3 61. Kd6 f2 62. c7 Kg2 63. Kd7 Rh8 64. c8=Q Rxc8 65. Kxc8 f1=Q 66. Rxf1 Kxf1 67. Kc7 a4 68. Kb6 Ke2 69. Ka5 Kd3 70. Kxa4 Kc4 1/2-1/2

[Event "4Springare Autumn-IM 2019"]
[Site "Stockholm"]
[Date "2019.10.24"]
[Round "8.2"]
[White "Papunidi, Matvey"]
[Black "Roshka, Yevgeniy"]
[Result "0-1"]
[ECO "C06"]
[WhiteElo "2083"]
[BlackElo "2369"]
[Annotator "RC"]
[PlyCount "70"]
[EventDate "2019.10.19"]
[EventType "tourn"]
[EventRounds "9"]
[EventCountry "SWE"]
[SourceTitle "playchess.com"]
[Source "ChessBase"]
[SourceQuality "1"]
[TimeControl "5400+30"]

1. e4 e6 2. d4 d5 3. Nd2 Nf6 4. e5 Nfd7 5. Bd3 c5 6. c3 Nc6 7. Ne2 cxd4 8. cxd4 f6 9. exf6 Nxf6 10. Nf3 Bd6 11. O-O Qc7 12. Bg5 O-O 13. Qc2 Nb4 14. Qxc7 Bxc7 15. Bb1 Bd7 16. Ne5 Bb5 17. Re1 Nc6 18. Nxc6 bxc6 19. Nf4 Ng4 20. g3 Bb6 21. Nxe6 Rae8 22. a4 Bc4 23. Bf4 Ba5 24. Bxh7+ Kxh7 25. Nxf8+ Rxf8 26. Re7 Bb6 27. h3 Nh6 28. Be5 Nf5 29. Rd7 Bxd4 30. Bxd4 Nxd4 31. Rxa7 Nf3+ 32. Kg2 d4 33. Rd7 d3 34. a5 Bd5 35. Kf1 Re8 0-1